 Dungeon Crawl Stone Soup version 0.23.2-40-g277498a001 (webtiles) character file.

Game seed: 11952797648303446315

224 H0rd4k the Charlatan (level 6, -1/44 HPs)
             Began as a Human Artificer on Aug 29, 2019.
             Slain by a worker ant (4 damage)
             ... on level 4 of the Dungeon.
             The game lasted 00:04:25 (4639 turns).

H0rd4k the Charlatan (Human Artificer)              Turns: 4639, Time: 00:04:26

Health: -1/44      AC:  4    Str: 14    XL:     6   Next: 20%
Magic:  9/9        EV: 12    Int: 12    God:
Gold:   227        SH:  0    Dex: 13    Spells: 5/5 levels left

rFire    . . .     SeeInvis .   a - +0 short sword
rCold    . . .     Gourm    .   (no shield)
rNeg     . . .     Faith    .   b - +0 leather armour
rPois    +         Spirit   .   (no helmet)
rElec    .         Reflect  .   (no cloak)
rCorr    .         Harm     .   v - +0 pair of gloves
MR       .....                  (no boots)
Stlth    ..........             (no amulet)
HPRegen  0.14/turn              u - ring of poison resistance
MPRegen  0.11/turn              q - ring of attention (curse)

@: very slightly contaminated, invisible
A: no striking features
a: no special abilities


You were on level 4 of the Dungeon.
You were not hungry.

You visited 1 branch of the dungeon, and saw 4 of its levels.

You collected 227 gold pieces.

Inventory:

Hand Weapons
 a - a +0 short sword (weapon)
Missiles
 r - 8 tomahawks (quivered)
 s - 8 tomahawks of returning
Armour
 b - a +0 leather armour (worn)
 v - a +0 pair of gloves (worn)
Jewellery
 h - an uncursed ring of see invisible
 q - a cursed ring of attention (right hand)
 t - an uncursed ring of resist corrosion
 u - a ring of poison resistance (left hand)
Wands
 d - a wand of enslavement (14)
 e - a wand of random effects (12)
Scrolls
 i - a scroll of identify
Potions
 j - 2 potions of haste
 k - a potion of heal wounds
 p - 2 potions of curing {unknown}
Comestibles
 f - 4 rations
 g - 2 chunks of flesh


   Skills:
 + Level 1.8 Fighting
 + Level 3.4 Short Blades
 + Level 2.1 Armour
 + Level 2.5 Dodging
 + Level 1.2 Stealth
 + Level 4.0 Evocations


You had 5 spell levels left.
You didn't know any spells.
Your spell library was empty.

Dungeon Overview and Level Annotations

Branches:
Dungeon (4/15)
 Temple: D:4-7

Altars:
Yredelemnul

Annotations:
D:3 1 runed translucent door


Message History

Evoke which item? (* to show all) (? for menu, Esc to quit)
Aiming: Random Effects
Press: ? - help, Shift-Dir - straight line, f/p - worker ant
Aim: a worker ant The worker ant flickers and vanishes!
Deactivating autopickup; reactivate with Ctrl-A.
Something bites you but does no damage.
Okay, then.
It was a potion of invisibility.
You fade into invisibility!
Something bites you. x2
* * * LOW HITPOINT WARNING * * *
You are very lightly contaminated with residual magic.
You hit something but do no damage. Something bites you but does no damage.
You closely miss something. Something bites you.
* * * LOW HITPOINT WARNING * * *
You barely miss something. Something bites you!
* * * LOW HITPOINT WARNING * * *
You hit something but do no damage. Something bites you.
You die...

....####.#.##.#########
###.# ##....#.####
#..##..........#
#.............##
#..##.......#####
#.####..>.#.##..#+ ..#
#.#.##.†....#
#.#.##.#....#
..#.##.##@.##
.....##.###{# ## ## #.#
#..# #.# ....#
#.##....+ #.###..## #..
#### #.. ...


There were no monsters in sight!

Vanquished Creatures
  A worker ant (D:4)
  An orc wizard (D:4)
  A gnoll (D:1)
  6 adders
  An ooze (D:2)
  An adder zombie (D:3)
  3 worms
  A dart slug (D:2)
  3 leopard geckos (D:1)
  12 orcs
  2 ball pythons
  2 giant cockroaches
  2 goblins (D:1)
  14 hobgoblins
  6 jackals (D:1)
  5 kobolds
  A quokka (D:3)
  5 bats
  2 frilled lizards (D:1)
  5 rats
74 creatures vanquished.

Vanquished Creatures (others)
  A jackal (D:1)
1 creature vanquished.

Grand Total: 75 creatures vanquished

Notes
Turn   | Place    | Note
-------+----------+-------------------------------------------
     0 | D:1      | H0rd4k the Human Artificer began the quest for the Orb.
     0 | D:1      | Reached XP level 1. HP: 15/15 MP: 3/3
   193 | D:1      | Reached XP level 2. HP: 10/21 MP: 4/4
  1088 | D:1      | Reached XP level 3. HP: 24/26 MP: 5/5
  1688 | D:1      | Reached skill level 1 in Armour
  1904 | D:2      | Reached XP level 4. HP: 25/32 MP: 6/6
  2170 | D:2      | Reached XP level 5. HP: 28/37 MP: 7/7
  2803 | D:3      | Reached skill level 4 in Evocations
  3322 | D:3      | Found a runed translucent door.
  3322 | D:3      | Noticed a human
  3327 | D:3      | Found a basalt altar of Yredelemnul.
  4420 | D:4      | Reached XP level 6. HP: 37/44 MP: 9/9
  4639 | D:4      | Slain by a worker ant

Skill      XL: |  1  2  3  4  5 |
---------------+----------------+-----
Armour         | 1 2 |  2.1
Short Blades   | 2 3 |  3.4
Evocations     | 4 |  4.0
Fighting       | |  1.8
Dodging        | |  2.5
Stealth        | |  1.2

Action                   |  1- 3 |  4- 6 || total
-------------------------+-------+-------++-------
Melee: Short sword       |   153 |   252 ||   405
Evoke: Wand              |     6 |    13 ||    19
  Use: Scroll            |       |     5 ||     5
       Potion            |       |     2 ||     2
 Stab: Sleeping          |     2 |       ||     2
  Eat: Chunk             |     3 |     6 ||     9
       Ration            |       |     1 ||     1
Armor: Leather armour    |    39 |    42 ||    81
Dodge: Dodged            |   121 |   129 ||   250
